 Dungeon Crawl Stone Soup version 0.16.0-14-g63f578d (console) character file.

0 gw the Caller (level 1, 0/14 HPs)
             Began as a Draconian Summoner on Mar 18, 2015.
             Slain by a kobold (1 damage)
             ... on level 1 of the Dungeon.
             The game lasted 00:00:09 (55 turns).

gw the Caller (Draconian Summoner)                    Turns: 55, Time: 00:00:09

Health: 0/14       AC:  4    Str: 10    XL:     1   Next: 8%
Magic:  0/3        EV: 12    Int: 15    God:
Gold:   0          SH:  0    Dex: 11    Spells: 1 memorised, 3 levels left

rFire  . . .     SeeInvis .     (no weapon)
rCold  . . .     Clarity  .     (armour unavailable)
rNeg   . . .     SustAb   .     (no shield)
rPois  .         Gourm    .     (helmet restricted)
rElec  .         Spirit   .     (no cloak)
rCorr  .         Warding  .     (no gloves)
rMut   .         Stasis   .     (no boots)
MR     .....                    (no amulet)
Stlth  ++........               (no ring)
                                (no ring)

@: not resistant to hostile enchantments, unstealthy
A: unfitting armour, cold-blooded, AC +4
a: no special abilities


You were on level 1 of the Dungeon.
You were very full.

You visited 1 branch of the dungeon, and saw 1 of its levels.

Inventory:

Books
 b - a book of Callings

   Spells                             Type                      Level
   a - Summon Small Mammal            Summoning                    1
   b - Call Imp                       Summoning                    2
   c - Call Canine Familiar           Summoning                    3
   d - Summon Guardian Golem          Hexes/Summoning              4
   e - Summon Lightning Spire         Summoning/Air                4
   f - Summon Ice Beast               Ice/Summoning                4
Comestibles
 a - a meat ration


   Skills:
 + Level 0.2 Fighting
 + Level 0.0 Throwing
 + Level 1.7 Dodging
 - Level 1.7 Stealth
 - Level 2.0 Spellcasting
 - Level 4.0 Summonings


You had 3 spell levels left.
You knew the following spells:

 Your Spells              Type           Power        Failure   Level  Hunger
a - Summon Small Mammal   Summ           ##..         4%          1    #......


Dungeon Overview and Level Annotations

Branches:
Dungeon (1/15)

Altars:


Innate Abilities, Weirdness & Mutations

Your plain brown scales are hard (AC +4).
Your body does not fit into most forms of armour.
Your cold-blooded metabolism reacts poorly to cold.


Message History

The kobold hits your rat.
Your rat dies!
Your rat's corpse disappears in a puff of smoke!
Unknown command.
Unknown command.
Unknown command.
MOVING TO (3,6)
The kobold misses your bat.
Unknown command.
Unknown command.
Unknown command.
IGNORING kobold.
Unknown command.
Unknown command.
Unknown command.
Unknown command.
You start resting.
Your bat misses the kobold. The kobold closely misses you.
Your bat hits the kobold. The kobold hits you.
You die...

#....#...#.# .#
..#..#...# .#.#
######..#.#..#####.#.#
#......#...#.........#
#.#####.....#####...#
#..#...........#....#
.#!.#.........#.b#..#
..%.#....<...K#.K#..#
...#...........#d..#
..#####.....#####..#
.......#..!#........#
........#?#..###.#..#
#####....#..## #....#
##....... .....#
##.....## ####..
####.> .#


You could see 2 kobolds and a friendly bat.

Table legend:
 A = Turns spent in this place as a percentage of turns spent in the entire game.
 B = Non-inter-level travel turns spent in this place as a percentage of non-inter-level travel turns spent in the entire game.
 C = Inter-level travel turns spent in this place as a percentage of turns spent in this place.
 D = Turns resting spent in this place as a percentage of non-inter-level travel turns spent in this place.
 E = Turns spent auto-exploring this place as a percentage of non-inter-level travel turns spent in this place.
 F = Non-inter-level travel turns spent in this place divided by the number of levels of this place that you've seen.
                   A       B       C       D       E      F
               +-------+-------+-------+-------+-------+----------------------
         Total | 100.0 | 100.0 |   0.0 |   0.4 |   0.8 | 259.0
       Dungeon | 100.0 | 100.0 |   0.0 |   0.4 |   0.8 | 259.0
               +-------+-------+-------+-------+-------+----------------------

Table legend:
 A = Kills in this place as a percentage of kills in entire the game.
 B = Kills by you in this place as a percentage of kills by you in the entire game.
 C = Kills by friends in this place as a percentage of kills by friends in the entire game.
 D = Other kills in this place as a percentage of other kills in the entire game.
 E = Experience gained in this place as a percentage of experience gained in the entire game.
 F = Experience gained in this place divided by the number of levels of this place that you have seen.
                   A       B       C       D       E      F
               +-------+-------+-------+-------+-------+----------------------
         Total | 100.0 |  -nan | 100.0 |  -nan | 100.0 |   1.0
       Dungeon | 100.0 |  -nan | 100.0 |  -nan | 100.0 |   1.0
               +-------+-------+-------+-------+-------+----------------------

Vanquished Creatures (collateral kills)
  A ball python (D:1)
1 creature vanquished.

Vanquished Creatures (others)
  A quokka (D:1)
  A bat (D:1)
  2 rats (D:1)
4 creatures vanquished.

Grand Total: 5 creatures vanquished

Notes
Turn   | Place    | Note
--------------------------------------------------------------
     0 | D:1      | gw, the Draconian Summoner, began the quest for the Orb.
     0 | D:1      | Reached XP level 1. HP: 14/14 MP: 3/3
    55 | D:1      | Slain by a kobold

Action                   || total
-------------------------++-------
 Cast: Summon Small Mamm ||     5
  Eat: Bread ration      ||     1

Vault maps used:
D:1:      scummos_arrival_star, grunt_decor_cap
